 Dungeon Crawl Stone Soup version 0.30.1-4-g462c640d31 (webtiles) character file.

Game seed: 7346018697372803405

1002 ChiefBigBeans the Conjurer (level 8, 0/41 HPs)
             Began as a Deep Elf Conjurer on Sept 14, 2023.
             Slain by a sleepcap (20 damage)
             ... on level 5 of the Dungeon.
             The game lasted 00:07:54 (4149 turns).

ChiefBigBeans the Conjurer (Deep Elf Conjurer)      Turns: 4149, Time: 00:07:54

Health: 0/41       AC:  8    Str:  4    XL:     8   Next: 0%
Magic:  0/20       EV:  2    Int: 26    God:
Gold:   272        SH:  0    Dex: 13    Spells: 19/20 levels left

rFire   . . .        d - +1 dagger (venom)
rCold   . . .        (no shield)
rNeg    . . .        a - +0 robe
rPois   +            j - +0 helmet
rElec   .            (no cloak)
rCorr   .            (no gloves)
SInv    .            q - +0 pair of boots
Will    .....        (no amulet)
Stlth   +++          f - ring of poison resistance
HPRegen 0.26/turn    h - +4 ring of protection
MPRegen 0.17/turn

%: no passive effects
@: sleeping
A: no striking features
a: no special abilities


You were on level 5 of the Dungeon.
You visited 1 branch of the dungeon, and saw 5 of its levels.

You collected 272 gold pieces.

Inventory:

Hand Weapons
 d - a +1 dagger of venom (weapon)
Armour
 a - a +0 robe (worn)
 j - a +0 helmet (worn)
 o - a +2 leather armour of fire resistance
 q - a +0 pair of boots (worn)
Jewellery
 f - a ring of poison resistance (left hand)
 h - a +4 ring of protection (right hand)
 s - a ring of positive energy
Scrolls
 g - a scroll of fear
 i - a scroll of teleportation {unknown}
 m - 4 scrolls of identify
Potions
 b - 2 potions of magic
 c - 4 potions of heal wounds
 e - a potion of invisibility
 n - 3 potions of curing
 p - 3 potions of might


   Skills:
 + Level 6.0 Dodging
 + Level 6.4 Stealth
 + Level 6.6 Spellcasting
 + Level 6.7 Conjurations


You had 19 spell levels left.
You knew the following spells:

 Your Spells              Type           Power      Damage    Failure   Level
a - Magic Dart            Conj           100%       1d8       1%          1

Your spell library contained the following spells:

 Spells                   Type           Power      Damage    Failure   Level
 Searing Ray              Conj           86%        2d7       1%          2
 Dazzling Flash           Conj/Hex       52%        N/A       4%          3
 Cigotuvi's Dreadful Rot  Necr/Pois/Air  16%        N/A       10%         2
 Ensorcelled Hibernation  Hex/Ice        16%        N/A       10%         2
 Fulminant Prism          Conj/Hex       13%        3d8       16%         4
 Iskenderun's Mystic Bla  Conj/Tloc      26%        2d7       16%         4
 Ignite Poison            Fire/Tmut/Pois 8%         N/A       19%         3
 Portal Projectile        Hex/Tloc       16%        N/A       19%         3
 Spider Form              Tmut/Pois      8%         N/A       19%         3
 Tukima's Dance           Hex            8%         N/A       19%         3
 Anguish                  Hex/Necr       4%         N/A       54%         4
 Summon Ice Beast         Ice/Summ       8%         N/A       54%         4
 Freezing Cloud           Conj/Ice/Air   10%        6-21      58%         5
 Blade Hands              Tmut           4%         N/A       87%         5
 Summon Mana Viper        Hex/Summ       8%         N/A       87%         5
 Monstrous Menagerie      Summ           4%         N/A       100%        7


Dungeon Overview and Level Annotations

Branches:
Dungeon (5/15)
 Temple: D:4-7

Altars:

Shops:
D:1 [

Annotations:
D:5 Edmund


Message History

The black bear barely misses you. x2; The black bear claws you.
The magic dart hits the black bear.
The black bear is almost dead.
The black bear closely misses you. The black bear barely misses you.
The black bear misses you. The hound closely misses you.
The magic dart hits the black bear.
You kill the black bear!
The hound closely misses you. The hound barely misses you.
The magic dart hits the hound.
The hound is moderately wounded.
The hound bites you but does no damage.
The sleepcap releases spores at you but does no damage.
Edmund the Younger comes into view.
He is wielding a +1 flail of protection.
The magic dart hits the hound.
The hound is heavily wounded.
The hound bites you but does no damage. The sleepcap releases spores at you!
The hound misses you.
The magic dart hits the hound.
The hound is heavily wounded.
The hound bites you but does no damage. The sleepcap barely misses you.
The magic dart hits the hound!
You kill the hound!
The sleepcap barely misses you.
Your Dodging skill increases to level 6!
You have reached level 8!
You feel clever.
The magic dart hits the sleepcap.
The sleepcap is lightly damaged.
The sleepcap closely misses you.
You are out of magic!
You are out of magic!
You are out of magic!
You are out of magic!
You hit the sleepcap but do no damage.
The sleepcap is lightly damaged.
The sleepcap releases spores at you.
You are engulfed in a cloud of soporific spores!
You fall asleep.
The sleepcap releases spores at you!!
You die...

##### #...# #.#.#
##.#.#### ........#####
. .....##.....# ...
.....######.########...#
.................†....#
.........#####..@f@...#
.....#.#.# ###†##.....
.....#.#... <.). ...
######.##### #.###.. .
#..# #. ## ##.# #.#. #.#
#... #.# ##.. #.# ...


You could see Edmund and a sleepcap.

Vanquished Creatures
  Grinder (D:3)
  A black bear (D:5)
  2 phantoms
  A bullfrog (D:3)
  A scorpion (D:4)
  The ghost of Loveship the Ducker, a weakling DsGl (D:3)
  2 howler monkeys
  2 hounds (D:5)
  Natasha (thrice) (D:3)
  An iguana (D:5)
  4 gnolls
  5 adders
  3 worms
  2 orcs
  8 ball pythons
  6 bats
  9 endoplasms
  5 giant cockroaches
  8 goblins
  4 hobgoblins
  6 jackals
  6 quokkas
  3 frilled lizards
  8 kobolds
  2 rats
94 creatures vanquished.

Notes
Turn   | Place    | Note
-------+----------+-------------------------------------------
     0 | D:1      | ChiefBigBeans the Deep Elf Conjurer began the quest for the
                  | Orb.
     0 | D:1      | Reached XP level 1. HP: 10/10 MP: 6/6
    36 | D:1      | Found Luseupoyfy's Antique Armour Shoppe.
   127 | D:1      | Reached XP level 2. HP: 15/15 MP: 4/8
   317 | D:1      | Reached XP level 3. HP: 12/19 MP: 2/10
   941 | D:2      | Reached XP level 4. HP: 24/24 MP: 8/11
  1507 | D:3      | Noticed Grinder
  1518 | D:2      | Reached skill level 5 in Conjurations
  1590 | D:3      | Paralysed by Grinder for 4 turns
  1654 | D:3      | Paralysed by Grinder for 3 turns
  1658 | D:3      | Paralysed by Grinder for 2 turns
  1667 | D:3      | Killed Grinder
  1668 | D:3      | Reached XP level 5. HP: 11/28 MP: 1/14
  1668 | D:3      | Reached XP level 6. HP: 12/32 MP: 1/15
  1812 | D:3      | Found a runed translucent door.
  1824 | D:3      | Noticed Loveship's ghost (weakling DsGl)
  2091 | D:3      | Noticed Natasha
  2096 | D:3      | Killed Natasha
  2097 | D:3      | Reached skill level 5 in Spellcasting
  2106 | D:3      | Noticed Natasha
  2118 | D:3      | Killed Natasha
  2594 | D:3      | Noticed Natasha
  2599 | D:3      | Found a faded altar of an unknown god.
  2609 | D:3      | Killed Natasha
  2610 | D:3      | Reached skill level 5 in Stealth
  2895 | D:3      | Killed Loveship's ghost
  2896 | D:3      | Reached skill level 5 in Dodging
  2896 | D:3      | Reached XP level 7. HP: 16/36 MP: 5/17
  3938 | D:5      | Entered Level 5 of the Dungeon
  4143 | D:5      | Noticed Edmund
  4147 | D:5      | Reached XP level 8. HP: 22/41 MP: 1/20
  4149 | D:5      | Slain by a sleepcap

Illustrated notes

Levels and vault maps discovered:
D:1:      wander_arrival_lonely_grave, layout_basic, serial_shops, shop,
          wander_ebering_terrifying_dragon_lair
D:2:      layout_basic
D:3:      layout_basic, hellmonk_ecumenical_altar_leap_of_faith,
          ebering_ghost_sewer_d, uniq_grinder, uniq_natasha
D:4:      layout_basic
D:5:      layout_rooms, uniq_edmund

Skill      XL: |  1  2  3  4  5  6  7 |
---------------+----------------------+-----
Dodging        | 3 4 5 6 |  6.0
Stealth        | 3 4 5 6 |  6.4
Conjurations   | 5 6 |  6.7
Spellcasting   | 4 5 6 |  6.6

Action                     |  1- 3 |  4- 6 |  7- 9 || total
---------------------------+-------+-------+-------++-------
  Melee: Dagger            |    37 |    50 |     1 ||    88
         Punch             |       |     1 |       ||     1
   Cast: Magic Dart        |    55 |   114 |    89 ||   258
    Use: Scroll            |       |     1 |     7 ||     8
         Potion            |       |       |     4 ||     4
 Armour: Robe              |    31 |    36 |    12 ||    79
  Dodge: Dodged            |    52 |    50 |    34 ||   136
